 Dungeon Crawl Stone Soup version 0.31-a0-818-ge7c7cf74f0 (webtiles) character file.

Game seed: 14778554522352091121

128 quinnr the Gusty (level 5, -4/28 HPs)
             Began as a Tengu Air Elementalist on Sept 22, 2023.
             Slain by Crazy Yiuf
             ... wielding a +4 quarterstaff of chaos
              (8 damage)
             ... while paralysed by Crazy Yiuf
             ... on level 2 of the Dungeon.
             The game lasted 00:03:35 (2111 turns).

quinnr the Gusty (Tengu Air Elementalist)           Turns: 2111, Time: 00:03:36

Health: -4/28      AC:  3    Str:  9    XL:     5   Next: 11%
Magic:  8/9        EV:  2    Int: 17    God:
Gold:   101        SH:  0    Dex: 14    Spells: 7/8 levels left

rFire   . . .        q - +0 dagger (venom)
rCold   . . .        (no shield)
rNeg    . . .        a - +0 robe
rPois   .            (helmet restricted)
rElec   .            (no cloak)
rCorr   .            f - +0 pair of gloves
SInv    .            (boots unavailable)
Will    .....        (no amulet)
Stlth   ++           (no ring)
HPRegen 0.24/turn    (no ring)
MPRegen 0.11/turn

%: acrobat
@: paralysed
A: beak, talons 3, acrobatic
a: no special abilities


You were on level 2 of the Dungeon.
You visited 1 branch of the dungeon, and saw 2 of its levels.

You collected 101 gold pieces.


Innate Abilities, Weirdness & Mutations

You have a beak for a mouth.
You have claws for feet.
You can magically evade attacks while moving or waiting.


   Skills:
 - Level 2.1 Dodging
 - Level 2.0 Stealth
 - Level 2.0 Spellcasting
 - Level 1.3 Conjurations
 + Level 7.5 Air Magic


You had 7 spell levels left.
You knew the following spells:

 Your Spells              Type           Power      Damage    Failure   Level
z - Shock                 Conj/Air       64%        1d7       3%          1

Your spell library contained the following spells:

 Spells                   Type           Power      Damage    Failure   Level
 Swiftness                Air            27%        N/A       2%          3
 Static Discharge         Conj/Air       32%        2-4/arc   4%          2
 Airstrike                Air            13%        2d(2-18)  9%          4

Inventory:

Hand Weapons
 q - a +0 dagger of venom (weapon)
Armour
 a - a +0 robe (worn)
 f - a +0 pair of gloves (worn)
Wands
 o - a wand of polymorph (8)
Scrolls
 e - a scroll of enchant armour {unknown}
 g - a scroll of blinking {unknown}
 j - a scroll of revelation {unknown}
 l - 2 scrolls of teleportation {unknown}
 m - 2 scrolls of identify {unknown}
 p - a scroll of vulnerability {unknown}
Potions
 b - a potion of magic
 c - a potion of enlightenment {unknown}
 d - a potion of attraction {unknown}
 h - a potion of curing {unknown}
 i - a potion of brilliance {unknown}
 k - a potion of mutation {unknown}
 n - a potion of resistance {unknown}

Dungeon Overview and Level Annotations

Branches:
Dungeon (2/15)

Altars:

Annotations:
D:2 Crazy Yiuf

##..........#####...#.....#..
#......###..# #.#.#####.##.
#......# ##.####)#.......##.
#......## #....#.#..........
##......######........).....
#..........######..........
#..........# #....########.
#..........# #.##..# #.
#.........@###'###.## ###
#.........g....[##..#####..
#...............###..#....#
#...............####...##..
#.####....###...'...>.....#
#.# #....# #...#####.....#
### ♣.P.P♣ #...# #......
♣♣...♣ ##### #....## ♣♣.♣♣
#....##


You could see Crazy Yiuf.


Message History

Key pressed, stopping explore.
There is an open door here.
Key pressed, stopping explore.
Key pressed, stopping explore.
Crazy Yiuf says, "Proton!"
Could not explore, unopened runed door.
Could not explore, unopened runed door.
You open the door.
Crazy Yiuf says, "Ghoul horse return to song!"
Crazy Yiuf glowers.
Crazy Yiuf attacks as he pursues you! Crazy Yiuf completely misses you.
Crazy Yiuf screams, "Citrus tea snail!"
Crazy Yiuf attacks as he pursues you! Crazy Yiuf completely misses you.
Crazy Yiuf attacks as he pursues you! Crazy Yiuf misses you.
Casting: Shock (safe; 3% risk of failure)
Confirm with . or Enter, or press ? or * to list all spells.
Aiming: Shock (safe; 3% risk of failure)
Press: ? - help, Shift-Dir - straight line The zap hits Crazy Yiuf.
Crazy Yiuf is moderately wounded.
The zap hits Crazy Yiuf.
Crazy Yiuf is heavily wounded.
Crazy Yiuf hits you with a +4 quarterstaff of chaos!
You suddenly lose the ability to move!
Crazy Yiuf hits you with a +4 quarterstaff of chaos!
* * * LOW HITPOINT WARNING * * *
Crazy Yiuf freezes you.
* * * LOW HITPOINT WARNING * * *
Crazy Yiuf hits you with a +4 quarterstaff of chaos!
You die...

Skill      XL: |  1  2  3  4 |
---------------+-------------+-----
Air Magic      | 5 6 7 |  7.5
Dodging        | |  2.1
Stealth        | |  2.0
Spellcasting   | |  2.0
Conjurations   | |  1.3

Action                     |  1- 3 |  4- 6 || total
---------------------------+-------+-------++-------
  Melee: Unarmed           |       |     6 ||     6
         Kick              |       |     3 ||     3
         Peck              |       |     1 ||     1
   Cast: Shock             |    80 |    31 ||   111
 Armour: Robe              |     2 |     8 ||    10
  Dodge: Dodged            |     4 |    10 ||    14

Levels and vault maps discovered:
D:1:      minmay_arrival_semitransparent, layout_loops_ring,
          nicolae_ecumenical_lake_church, minmay_pentomino_r4
D:2:      layout_basic, uniq_crazy_yiuf_cottage, uniq_jessica

Notes
Turn   | Place    | Note
-------+----------+-------------------------------------------
     0 | D:1      | quinnr the Tengu Air Elementalist began the quest for the
                  | Orb.
     0 | D:1      | Reached XP level 1. HP: 10/10 MP: 4/4
   186 | D:1      | Found a faded altar of an unknown god.
   245 | D:1      | Reached XP level 2. HP: 15/15 MP: 4/6
   364 | D:1      | Reached skill level 5 in Air Magic
   696 | D:1      | Reached XP level 3. HP: 16/19 MP: 2/7
  1068 | D:1      | You fall into a shaft and drop 1 floor!
  1205 | D:2      | Reached skill level 6 in Air Magic
  1443 | D:2      | Reached XP level 4. HP: 24/24 MP: 3/8
  1554 | D:2      | Reached skill level 7 in Air Magic
  1761 | D:2      | Noticed Jessica
  1763 | D:2      | Killed Jessica
  1764 | D:2      | Reached XP level 5. HP: 28/28 MP: 6/9
  1898 | D:2      | Identified the +0 ring mail of Impatience {+Blink Fly Int+3
                  | SInv}
  2017 | D:2      | Found a runed translucent door.
  2018 | D:2      | Noticed Crazy Yiuf
  2109 | D:2      | Paralysed by Crazy Yiuf for 5 turns
  2111 | D:2      | Slain by Crazy Yiuf

Vanquished Creatures
  Jessica (D:2)
  3 gnolls (D:2)
  2 adders (D:2)
  2 worms (D:2)
  2 dart slugs
  5 bats
  7 endoplasms
  4 giant cockroaches (D:1)
  3 goblins
  4 hobgoblins
  4 kobolds
  2 quokkas (D:1)
  A ball python (D:1)
  3 frilled lizards (D:1)
  A rat (D:1)
44 creatures vanquished.

Table legend: (Time is in decaauts)
 A = Elapsed time spent in this place.
 B = Non-inter-level travel time spent in this place.
 C = Inter-level travel time spent in this place.
 D = Time resting spent in this place.
 E = Time spent auto-exploring this place.
 F = Levels seen in this place.
 G = Mean time per level.
                   A        B        C        D        E       F      G
               +--------+--------+--------+--------+--------+-----+--------+
         Total |   2110 |   2110 |      0 |     43 |   1676 |   2 | 1055.0 |
       Dungeon |   2110 |   2110 |      0 |     43 |   1676 |   2 | 1055.0 |
               +--------+--------+--------+--------+--------+-----+--------+

Top non-repeatable levels by time:
     D:1: 1068 daAuts
     D:2: 1042 daAuts

Table legend:
 A = Non-vault XP
 B = Vault XP
 C = Vault XP percentage of total XP
 D = Non-vault monster count
 E = Vault monster count
 F = Vault count percentage of total count
                 A         B        C        D         E       F
            +---------+---------+-------+---------+---------+-------
      Total |     140 |      43 |  23.5 |      39 |       5 |  11.4
            +---------+---------+-------+---------+---------+-------
        D:1 |      42 |       6 |  12.5 |      22 |       4 |  15.4
        D:2 |      98 |      37 |  27.4 |      17 |       1 |   5.6
            +---------+---------+-------+---------+---------+-------

Levels and vault maps discovered:
D:1:      minmay_arrival_semitransparent, layout_loops_ring,
          nicolae_ecumenical_lake_church, minmay_pentomino_r4
D:2:      layout_basic, uniq_crazy_yiuf_cottage, uniq_jessica
